 Dungeon Crawl Stone Soup version 0.31-a0-986-g5e6e4ef867 (webtiles) character file.

Game seed: 2154398149659705789

2140 2FriedEggs the Grappler (level 9, 0/81 HPs)
             Began as a Naga Shapeshifter on Nov 9, 2023.
             Succumbed to a killer bee's poison
             ... on level 6 of the Dungeon.
             The game lasted 00:10:23 (6546 turns).

2FriedEggs the Grappler (Naga Shapeshifter)         Turns: 6546, Time: 00:10:23

Health: 0/81       AC:  7    Str: 20    XL:     9   Next: 30%
Magic:  9/9        EV: 14    Int: 11    God:
Gold:   61         SH:  5    Dex: 11    Spells: 8/8 levels left

rFire   . .          .
                       - Unarmed
rCold   . . .        (shield currently unavailable)
rNeg    . . .        l - +0 ring mail
rPois   +            a - +0 helmet
rElec   .            m - scarf {repulsion}
rCorr   .            q - +0 pair of gloves
SInv    +            (no barding)
Will    +....        e - amulet of reflection Stlth
                     n - +5 ring of evasion
HPRegen 0.33/turn    (no ring)
MPRegen 0.11/turn

%: repel missiles, reflection
@: lethally poisoned (0 -> -3), flux-form, glowing, very slow
A: glow, contaminating, AC +3, large, see invisible, deformed body, poison
resistance, slowness 2, spit poison 1, naga tail 1
a: Spit Poison, Begin Untransformation


You were on level 6 of the Dungeon.
You were something dangerously unstable.
You visited 1 branch of the dungeon, and saw 6 of its levels.

You collected 205 gold pieces.
You spent 144 gold pieces at shops.

Inventory:

Armour
 a - a +0 helmet (worn)
 l - a +0 ring mail (worn)
 m - a scarf of repulsion (worn)
 q - a +0 pair of gloves (worn)
Jewellery
 e - an amulet of reflection (around neck)
 k - an amulet of magic regeneration
 n - a +5 ring of evasion (left hand)
 s - a ring of fire
Talismans
 c - a beast talisman
 d - a flux talisman (active)
Wands
 i - a wand of flame (21)
 j - a wand of paralysis (5)
Scrolls
 f - a scroll of immolation
 g - 3 scrolls of vulnerability
 p - a scroll of revelation
 r - a scroll of noise
 t - a scroll of poison
 u - 3 scrolls of enchant weapon
 v - a scroll of torment
 x - a scroll of enchant armour {unknown}
Potions
 b - 2 potions of lignification
 h - a potion of enlightenment {unknown}
 o - a potion of magic {unknown}
 w - a potion of mutation {unknown}


   Skills:
 + Level 5.3 Fighting
 - Level 1.5 Dodging
 * Level 8.2 Unarmed Combat
 * Level 7.6 Shapeshifting


You had 8 spell levels left.
You didn't know any spells.
Your spell library contained the following spells:

 Spells                   Type           Power      Damage    Failure   Level
 Apportation              Tloc           0%         N/A       52%         1
 Necrotise                Necr           0%         1d4       52%         1
 Sting                    Tmut/Pois      0%         1d3       52%         1
 Summon Small Mammal      Summ           0%         N/A       52%         1
 Lesser Beckoning         Tloc           0%         N/A       67%         2
 Poisonous Vapours        Pois/Air       0%         N/A       67%         2
 Gell's Gravitas          Tloc           0%         N/A       88%         3
 Ozocubu's Armour         Ice            0%         N/A       88%         3
 Teleport Other           Tloc           0%         N/A       88%         3
 Leda's Liquefaction      Hex/Erth       0%         N/A       99%         4
 Olgreb's Toxic Radiance  Pois           0%         N/A       99%         4
 Lee's Rapid Deconstruct  Erth           0%         3d4*      100%        5
 Bombard                  Conj/Erth      0%         9d1       100%        6
 Ozocubu's Refrigeration  Ice            0%         4d7       100%        7


Dungeon Overview and Level Annotations

Branches:
Dungeon (6/15)
 Temple: D:4-7

Altars:
Xom

Shops:
D:5 *

Annotations:
D:4 3 runed translucent doors, FakeRyeBread's ghost, novice GrFi; haloelite's ghost, weakling GrFi
D:6 Jeremiah; Pikel


Innate Abilities, Weirdness & Mutations

You are something dangerously unstable.
You glow with magical radiation, making you easy to see and hit.
Foes you strike become dangerously contaminated with magical radiation.
You are incapable of wielding weapons or throwing items.
Your serpentine skin is tough. (AC +3)
You have supernaturally acute eyesight. (SInv)
Armour fits poorly on your strangely shaped body.
Your system is resistant to poisons. (rPois)
You cover ground very slowly.
You can spit poison.
You have a snake-like lower body.


Message History

The killer bee is moderately wounded.
The killer bee closely misses you.
You hit the killer bee.
The killer bee glows dangerously bright.
The killer bee is severely wounded.
The killer bee barely misses you.
The killer bee stings you but does no damage.
Unknown command.
You punch the killer bee!
You kill the killer bee!
The killer bee stings you!
* * * LOW HITPOINT WARNING * * *
You are lethally poisoned!
The killer bee poisons you!
You hit the killer bee.
The killer bee begins to glow.
The killer bee is moderately wounded.
* * * LOW HITPOINT WARNING * * *
You feel sick. The killer bee barely misses you. x2
You are too injured to fight recklessly!
You hit the killer bee.
The killer bee glows dangerously bright.
The killer bee is heavily wounded.
* * * LOW HITPOINT WARNING * * *
You feel sick. The killer bee misses you.
Unknown command.
You closely miss the killer bee.
The killer bee is moderately wounded.
* * * LOW HITPOINT WARNING * * *
You feel sick. You block the killer bee's attack.
The killer bee barely misses you.
You are too injured to fight recklessly!
You barely miss the killer bee.
The killer bee is moderately wounded.
* * * LOW HITPOINT WARNING * * *
You feel sick. The killer bee barely misses you.
The killer bee stings you but does no damage.
Unknown command.
You miss the killer bee.
The killer bee is moderately wounded.
You die...

### ### ###.# ##.# #.##....
##..## .#.#....## #....##
(........### #.....##
.......<...###......##
.........##p###......#
........y##y###......# ####
..$........y.#.......# ##.#. ...
..........#.......######....
............[.##.###......##..>..
...............#.....##..........
...............##.##.............
....#..........##.##...##.[...##.
....#..........# ..###..#.#....#.


You could see 2 killer bees.

Vanquished Creatures
  Sigmund (D:6)
  A steam dragon (D:5)
  Eustachio (D:5)
  Edmund (D:5)
  A water moccasin (D:5)
  An orc warrior (D:5)
  3 black bears
  3 ogres
  A phantom (D:5)
  A lemure (D:5)
  Blork the orc (D:6)
  A scorpion (D:5)
  3 killer bees (D:6)
  A howler monkey (D:5)
  2 jellies
  5 hounds
  A sleepcap (D:6)
  2 orc wizards (D:5)
  An iguana (D:6)
  8 adders
  A white imp (D:6)
  4 worms
  3 dart slugs
  20 orcs
  5 endoplasms
  4 giant cockroaches
  6 goblins
  7 hobgoblins
  4 jackals (D:5)
  4 kobolds
  2 quokkas
  4 ball pythons
  4 bats
  3 frilled lizards
  3 rats (D:1)
113 creatures vanquished.

Notes
Turn   | Place    | Note
-------+----------+-------------------------------------------
     0 | D:1      | 2FriedEggs the Naga Shapeshifter began the quest for the
                  | Orb.
     0 | D:1      | Reached XP level 1. HP: 18/18 MP: 1/1
   164 | D:1      | Reached XP level 2. HP: 6/25 MP: 2/2
   759 | D:1      | Found a faded altar of an unknown god.
   767 | D:1      | Got Plato's Tractate on the Mob
  1064 | D:2      | Reached XP level 3. HP: 31/31 MP: 3/3
  2180 | D:3      | Found a shimmering altar of Xom.
  2499 | D:3      | Reached XP level 4. HP: 34/39 MP: 4/4
  2980 | D:4      | Reached skill level 4 in Unarmed Combat
  3020 | D:4      | Noticed a black bear
  3139 | D:4      | Found a runed translucent gate.
  3140 | D:4      | Found a runed translucent gate.
  3141 | D:4      | Found a runed translucent gate.
  3158 | D:4      | Noticed haloelite's ghost (weakling GrFi)
  3159 | D:4      | Noticed FakeRyeBread's ghost (novice GrFi)
  3187 | D:4      | Noticed an ogre
  3199 | D:4      | Reached XP level 5. HP: 44/45 MP: 5/5
  3253 | D:4      | Killed a black bear
  3254 | D:4      | Reached XP level 6. HP: 43/55 MP: 6/6
  3560 | D:4      | Reached skill level 5 in Unarmed Combat
  3970 | D:5      | Entered Level 5 of the Dungeon
  4149 | D:5      | Noticed Edmund
  4161 | D:5      | Killed Edmund
  4162 | D:5      | Reached skill level 5 in Shapeshifting
  4162 | D:5      | Reached XP level 7. HP: 27/62 MP: 7/7
  4589 | D:5      | Noticed a steam dragon
  4592 | D:5      | Reached skill level 6 in Unarmed Combat
  4603 | D:5      | Killed a steam dragon
  4604 | D:5      | Reached XP level 8. HP: 12/72 MP: 8/8
  5175 | D:5      | Found Asotefuje's Neck Hole.
  5182 | D:5      | Bought a scarf of repulsion for 144 gold pieces
  5298 | D:5      | Noticed Eustachio
  5308 | D:5      | Killed Eustachio
  5514 | D:6      | Reached skill level 7 in Unarmed Combat
  5867 | D:6      | Noticed Blork the orc
  5881 | D:6      | Killed Blork the orc
  5882 | D:6      | Reached skill level 5 in Fighting
  5882 | D:6      | Reached XP level 9. HP: 49/81 MP: 9/9
  6160 | D:6      | Noticed Pikel
  6185 | D:6      | Noticed Sigmund
  6185 | D:6      | Noticed Jeremiah
  6284 | D:6      | Killed Sigmund
  6361 | D:6      | Reached skill level 8 in Unarmed Combat
  6543 | D:6      | HP: 4/81 [poisoned by a killer bee]
  6545 | D:6      | HP: 1/81 [poisoned by a killer bee]
  6546 | D:6      | Succumbed to a killer bee's poison

Illustrated notes

Levels and vault maps discovered:
D:1:      tekkud_arrival_beachfront_property, layout_loops_ring,
          shapermc_ecumenical_altar_rom_forum
D:2:      layout_basic, minmay_misc_feat_rugged, minmay_stone_trees_large
D:3:      layout_basic, tgw_xom
D:4:      layout_cave_pods, gammafunk_ghost_cemetery, minmay_misc_feat_tower
D:5:      layout_loops_corners, nicolae_shop_sticking_my_neck_out,
          uniq_eustachio, uniq_edmund
D:6:      layout_cave_pools, mainiacjoe_overflow_brackets, uniq_sigmund,
          uniq_pikel, uniq_jeremiah, uniq_blork_the_orc

Skill      XL: |  1  2  3  4  5  6  7  8  9 |
---------------+----------------------------+-----
Fighting       | 2 3 5 |  5.3
Unarmed Combat | 4 5 6 7 8 |  8.2
Shapeshifting  | 4 5 7 |  7.6
Dodging        | |  1.5

Action                     |  1- 3 |  4- 6 |  7- 9 || total
---------------------------+-------+-------+-------++-------
  Melee: Unarmed           |   109 |   112 |   212 ||   433
         Punch             |     3 |     2 |     3 ||     8
Ability: Spit Poison       |    14 |     9 |     7 ||    30
    Use: Scroll            |     1 |     6 |     3 ||    10
         Potion            |       |     3 |       ||     3
 Armour: Animal skin       |    42 |       |       ||    42
         Ring mail         |    31 |    36 |   132 ||   199
  Dodge: Dodged            |    43 |    74 |   148 ||   265
         Repelled          |       |       |     2 ||     2
  Block: Other             |     8 |    19 |    47 ||    74
         Reflection        |       |       |     3 ||     3
   Form: Flux              |       |       |     1 ||     1

Table legend: (Time is in decaauts)
 A = Elapsed time spent in this place.
 B = Non-inter-level travel time spent in this place.
 C = Inter-level travel time spent in this place.
 D = Time resting spent in this place.
 E = Time spent auto-exploring this place.
 F = Levels seen in this place.
 G = Mean time per level.
                   A        B        C        D        E       F      G
               +--------+--------+--------+--------+--------+-----+--------+
         Total |   8165 |   7547 |    618 |    872 |   5575 |   6 | 1360.8 |
       Dungeon |   8165 |   7547 |    618 |    872 |   5575 |   6 | 1360.8 |
               +--------+--------+--------+--------+--------+-----+--------+

Top non-repeatable levels by time:
     D:5: 2271 daAuts
     D:3: 1395 daAuts
     D:4: 1286 daAuts
     D:1: 1280 daAuts
     D:2: 1194 daAuts
     D:6: 737 daAuts
